 Dungeon Crawl Stone Soup version 0.31.0-9-g3a7656b989 (webtiles) character file.

Game seed: 12945371633406095701

40 Couri the Trooper (level 3, 0/37 HPs)
             Began as an Oni Warper on Feb 5, 2024.
             Slain by a ribbon worm (4 damage)
             ... on level 2 of the Dungeon.
             The game lasted 00:03:17 (1199 turns).

Couri the Trooper (Oni Warper)                      Turns: 1199, Time: 00:03:17

Health: 0/37       AC:  3    Str: 17    XL:     3   Next: 50%
Magic:  6/6        EV:  9    Int: 14    God:
Gold:   6          SH:  0    Dex:  8    Spells: 6/6 levels left

rFire   . . .        k - +2 flail (holy)
rCold   . . .        (no shield)
rNeg    . . .        b - +0 robe
rPois   .            (helmet restricted)
rElec   .            (no cloak)
rCorr   .            (gloves unavailable)
SInv    .            (boots unavailable)
Will    .....        (no amulet)
Stlth   +            (no ring)
HPRegen 0.26/turn    (no ring)
MPRegen 0.10/turn

%: no passive effects
@: no status effects
A: large, unfitting armour, horns 1, tough skin 1, double potion healing,
drunken brawling
a: no special abilities


You were on level 2 of the Dungeon.
You visited 1 branch of the dungeon, and saw 2 of its levels.

You collected 6 gold pieces.

Inventory:

Hand Weapons
 a - a +0 mace
 f - a +2 sling of flaming
 g - a +0 long sword
 k - a +2 flail of holy wrath (weapon)
Missiles
 d - 7 darts of dispersal (quivered)
Armour
 b - a +0 robe (worn)
Scrolls
 c - a scroll of blinking
 e - a scroll of teleportation {unknown}
 j - 2 scrolls of identify {unknown}
Potions
 h - 2 potions of curing {unknown}
 i - a potion of lignification {unknown}


   Skills:
 + Level 3.5 Fighting
 + Level 2.8 Maces & Flails
 - Level 1.0 Throwing
 + Level 1.2 Armour
 - Level 2.1 Dodging
 - Level 2.4 Spellcasting
 - Level 2.6 Translocations


You had 6 spell levels left.
You didn't know any spells.
Your spell library contained the following spells:

 Spells                   Type           Power      Damage    Failure   Level
 Blink                    Tloc           18%        N/A       12%         2
 Lesser Beckoning         Tloc           18%        N/A       12%         2
 Teleport Other           Tloc           9%         N/A       22%         3
 Manifold Assault         Tloc           9%         N/A       58%         4
 Vhi's Electric Charge    Tloc/Air       10%        N/A       78%         4


Dungeon Overview and Level Annotations

Branches:
Dungeon (2/15)

Altars:


Innate Abilities, Weirdness & Mutations

You are too large for most types of armour.
You have a pair of small horns on your head.
You have tough skin. (AC +1)
You gain doubled healing and magic from potions.
Whenever you drink a healing potion, you attack all around you.


Message History

You closely miss the kobold. Your headbutt misses the kobold.
The kobold hits you but does no damage.
The kobold hits you with a +0 short sword.
You completely miss the kobold. Your headbutt misses the kobold.
The kobold hits you with a +0 short sword.
You hit the kobold. You headbutt the kobold.
You kill the kobold!
You hit the ribbon worm but do no damage.
The ribbon worm is lightly wounded.
The ribbon worm bites you.
You barely miss the ribbon worm. You headbutt the ribbon worm.
The ribbon worm is moderately wounded.
The ribbon worm misses you.
You hit the ribbon worm but do no damage.
You headbutt the ribbon worm, but do no damage.
The ribbon worm is moderately wounded.
The ribbon worm bites you.
* * * LOW HITPOINT WARNING * * *
You sock the ribbon worm!
The ribbon worm is severely wounded.
The ribbon worm bites you.
* * * LOW HITPOINT WARNING * * *
You barely miss the ribbon worm.
The ribbon worm is heavily wounded.
The ribbon worm bites you but does no damage.
Okay, then.
You hit the ribbon worm but do no damage.
The ribbon worm is heavily wounded.
The ribbon worm expels a string of sticky webbing.
The stream of webbing hits you but does no damage.
You are caught in a web!
A rat comes into view.
The web tears apart.
The rat squeaks loudly.
The ribbon worm bites you.
* * * LOW HITPOINT WARNING * * *
You barely miss the ribbon worm.
The ribbon worm is moderately wounded.
The ribbon worm bites you.
You die...

##.# .....B..# #.#
... #.# #...# #.#
#.. #.# #...# #.#
#.. #.# #...# #.#
##..##.###...###.###
#.....w.......†....#
#.......g....#####.#
#....######..# #.#
#....rw@.....# ###w#
#......######.##
#...#
...............#
#.###
#.<.....###.#..# #.#
#..............# #.#
#.......###.#..##
#.# #$####..#
#...#.# #w# #. ...#
#.#..## #K# #.#..#
#.#


You could see a ribbon worm and a rat.

Vanquished Creatures
  A ball python (D:1)
  6 bats
  5 endoplasms
  2 giant cockroaches
  2 goblins (D:1)
  5 hobgoblins
  2 jackals (D:1)
  A kobold (D:2)
  3 quokkas (D:1)
  4 frilled lizards
  4 rats (D:1)
35 creatures vanquished.

Notes
Turn   | Place    | Note
-------+----------+-------------------------------------------
     0 | D:1      | Couri the Oni Warper began the quest for the Orb.
     0 | D:1      | Reached XP level 1. HP: 22/22 MP: 3/3
   150 | D:1      | Reached skill level 3 in Fighting
   150 | D:1      | Reached XP level 2. HP: 26/31 MP: 5/5
   578 | D:1      | Reached skill level 1 in Armour
   578 | D:1      | Reached XP level 3. HP: 36/37 MP: 6/6
  1199 | D:2      | Slain by a ribbon worm

Illustrated notes

Levels and vault maps discovered:
D:1:      dpeg_arrival_rooms_a, layout_loops_ring, due_unseen_surprise
D:2:      layout_loops_ring, minmay_cut_off

Skill      XL: |  1  2 |
---------------+-------+-----
Fighting       | 3 |  3.5
Armour         | 1 |  1.2
Maces & Flails | |  2.8
Throwing       | |  1.0
Dodging        | |  2.1
Spellcasting   | |  2.4
Translocations | |  2.6

Action                     || total
---------------------------++-------
  Melee: Mace              ||   106
         Headbutt          ||    18
         Punch             ||     1
         Flail             ||    27
   Fire: Sling             ||    11
 Armour: Robe              ||   129
  Dodge: Dodged            ||   101
